 Dungeon Crawl Stone Soup version 0.27-a0-1248-g57ac2eb73c (webtiles) character file.

Game seed: 1904160317814879027

62 Kinoniko the Chopper (level 3, 0/43 HPs)
             Began as a Demonspawn Berserker on June 10, 2021.
             Was a Believer of Trog.
             Killed by divine providence
             ... invoked by an orc priest
              (15 damage)
             ... on level 2 of the Dungeon.
             The game lasted 00:01:24 (1485 turns).

Kinoniko the Chopper (Demonspawn Berserker)         Turns: 1485, Time: 00:01:25

Health: 0/43       AC:  5    Str: 18    XL:     3   Next: 85%
Magic:  3/3        EV: 11    Int:  8    God:    Trog [**....]
Gold:   63         SH:  0    Dex: 12    Spells: 2/2 levels left

rFire    . . .     SeeInvis .   a - +0 hand axe
rCold    . . .     Faith    .   (no shield)
rNeg     . . .     Spirit   .   c - +0 ring mail
rPois    .         Reflect  .   (no helmet)
rElec    .         Harm     .   (no cloak)
rCorr    .         Rampage  .   (no gloves)
Will     .....                  (no boots)
Stlth    ..........             (no amulet)
HPRegen  1.14/turn              (no ring)
MPRegen  0.08/turn              (no ring)

@: berserking, very quick
A: powered by death 1, sturdy frame 1
a: Renounce Religion, Berserk, Trog's Hand


You were on level 2 of the Dungeon.
You worshipped Trog.
Trog was pleased with you.
You visited 1 branch of the dungeon, and saw 2 of its levels.

You collected 63 gold pieces.

Inventory:

Hand Weapons
 a - a +0 hand axe (weapon)
Armour
 b - a +0 animal skin
 c - a +0 ring mail (worn)
Scrolls
 d - 3 scrolls of enchant weapon {unknown}
 f - 2 scrolls of magic mapping {unknown}
Potions
 e - a potion of curing {unknown}
 g - a potion of lignification {unknown}
 h - a potion of might {unknown}


   Skills:
 - Level 3.0 Fighting
 * Level 4.4 Axes
 - Level 1.7 Armour
 - Level 1.7 Dodging


You had 2 spell levels left.
You didn't know any spells.
Your spell library was empty.

Dungeon Overview and Level Annotations

Branches:
Dungeon (2/15)

Altars:


Innate Abilities, Weirdness & Mutations

You regenerate a little health from kills.
Your movements are slightly less encumbered by armour. (ER -2)


Message History

Pain shoots through your body!
You see here a +0 dagger.
The frilled lizard barely misses you.
The orc shouts!
You hit the orc priest.
The orc priest is moderately wounded.
You miss the frilled lizard. The orc priest barely misses you.
The frilled lizard bites you but does no damage.
The orc priest calls upon Beogh to heal the orc priest.
The orc priest's wounds heal themselves!
A red film seems to cover your vision as you go berserk!
You feel yourself moving faster!
You feel mighty!
The orc priest hits you with a +0 flail.
The frilled lizard misses you.
You hit the orc priest.
The orc priest is heavily wounded.
You slash the frilled lizard!
You kill the frilled lizard!
Trog accepts your kill. The orc priest barely misses you.
You barely miss the orc priest.
The orc priest is heavily wounded.
The orc priest mumbles some strange prayers to Beogh against you.
Beogh smites you!
You closely miss the orc priest.
The orc priest is heavily wounded.
You hit the orc priest.
The orc priest is heavily wounded.
The orc priest calls down the wrath of Beogh upon you.
Beogh smites you!
Unknown command.
You are too injured to fight recklessly!
Unknown command.
You are too injured to fight recklessly!
You are too injured to fight recklessly!
You barely miss the orc priest.
The orc priest is heavily wounded.
The orc priest calls down the wrath of Beogh upon you.
Beogh smites you!
You die...

####
#######.####
#.... ### #.#
#..# # ..# #.#
..# .. #.# #.#
..# .#. #.# #.#
..# .... #.#
#.# ..#o.
....o##.# #.#
..#o...
.....o.o#####.#
..# ..#
#.....@).....#
..# ..
....#####.#####
#..#### # #.#
#(.... #.#
#.##.# #.#
#....# #.#
###..## ...
#.....# ...
#.###<####.#


You could see 2 orc priests and an orc.

Vanquished Creatures
  2 adders (D:2)
  2 dart slugs
  An orc (D:2)
  4 endoplasms
  A giant cockroach (D:1)
  5 goblins
  5 hobgoblins
  4 kobolds
  A quokka (D:1)
  2 ball pythons (D:1)
  4 bats
  A frilled lizard (D:2)
  3 rats
35 creatures vanquished.

Notes
Turn   | Place    | Note
-------+----------+-------------------------------------------
     0 | D:1      | Kinoniko the Demonspawn Berserker began the quest for the
                  | Orb.
     0 | D:1      | Reached XP level 1. HP: 18/18 MP: 1/1
    68 | D:1      | Reached skill level 3 in Axes
   230 | D:1      | Gained mutation: Your movements are slightly less
                  | encumbered by armour. (ER -2) [demonic ancestry]
   230 | D:1      | Reached XP level 2. HP: 18/24 MP: 2/2
  1006 | D:2      | Gained mutation: You regenerate a little health from kills.
                  | [demonic ancestry]
  1006 | D:2      | Reached XP level 3. HP: 27/29 MP: 3/3
  1073 | D:2      | Reached ** piety under Trog
  1217 | D:2      | Found a faded altar of an unknown god.
  1253 | D:2      | Reached skill level 4 in Axes
  1485 | D:2      | Killed from afar by an orc priest

Illustrated notes

Levels and vault maps discovered:
D:1:      scummos_arrival_hexagon, layout_basic, wad_floor_pattern_2
D:2:      cheibrodos_pilgrimage, layout_loops_ring,
          chequers_ecumenical_altar_island

Skill      XL: |  1  2  3 |
---------------+----------+-----
Axes           | 3 4 |  4.4
Fighting       | |  3.0
Armour         | |  1.7
Dodging        | |  1.7

Action                   || total
-------------------------++-------
Melee: Hand axe          ||    86
Invok: Berserk           ||     2
Armor: Ring mail         ||    23
Dodge: Dodged            ||    58

Table legend: (Time is in decaauts)
 A = Elapsed time spent in this place.
 B = Non-inter-level travel time spent in this place.
 C = Inter-level travel time spent in this place.
 D = Time resting spent in this place.
 E = Time spent auto-exploring this place.
 F = Levels seen in this place.
 G = Mean time per level.
                   A        B        C        D        E       F      G
               +--------+--------+--------+--------+--------+-----+--------+
         Total |   1503 |   1457 |     46 |    106 |   1108 |   2 |  751.5 |
       Dungeon |   1503 |   1457 |     46 |    106 |   1108 |   2 |  751.5 |
               +--------+--------+--------+--------+--------+-----+--------+

Top non-repeatable levels by time:
     D:1: 956 daAuts
     D:2: 547 daAuts
